 Dungeon Crawl Stone Soup version 0.20.1-1-g8b1a95d (webtiles) character file.

375 Irenicus the Insei (level 6, -3/42 HPs)
             Began as an Octopode Chaos Knight on Oct 18, 2017.
             Slain by Eustachio
             ... wielding a +3 falchion of chaos
              (25 damage)
             ... on level 4 of the Dungeon.
             The game lasted 00:07:06 (3115 turns).

Irenicus the Insei (Octopode Chaos Knight)          Turns: 3115, Time: 00:07:09

Health: -3/42      AC:  1    Str: 11    XL:     6   Next: 73%
Magic:  6/6        EV: 14    Int: 14    God:    Xom [*.....]
Gold:   155        SH:  0    Dex: 14    Spells: 5/5 levels left

rFire    + . .     SeeInvis .     - Unarmed
rCold    . . .     Gourm    .   (no shield)
rNeg     . . .     Faith    .   (helmet restricted)
rPois    .         Spirit   .   (no amulet)
rElec    .         Reflect  .   g - +3 ring of slaying
rCorr    .         Harm     .   d - ring of protection from fire
MR       .....                  (no ring)
Stlth    ++........             (no ring)
Regen    0.2/turn               (no ring)
MPRegen  0.1/turn               (no ring)
                                (no ring)
                                (no ring)

@: no status effects
A: almost no armour, stealthy swim, amphibious, 8 rings, constrict 8, camouflage
1, gelatinous body 1
a: Renounce Religion


You were on level 4 of the Dungeon.
You worshipped Xom.
You were a special plaything of Xom.
You were very hungry.

You visited 1 branch of the dungeon, and saw 4 of its levels.

You collected 155 gold pieces.

Inventory:

Missiles
 m - 2 throwing nets (quivered)
Jewellery
 d - a ring of protection from fire (right tentacle)
 g - a +3 ring of slaying (left tentacle)
Wands
 p - a wand of digging (14/24)
Scrolls
 c - 4 scrolls of remove curse
 e - a scroll of silence {unknown}
 f - a scroll of identify {unknown}
 n - a scroll of immolation {unknown}
 o - a scroll of recharging {unknown}
 q - a scroll of teleportation {unknown}
Potions
 i - a potion of flight
 j - a potion of brilliance
 l - a potion of invisibility {unknown}
Comestibles
 a - 3 bread rations
 h - 3 meat rations


   Skills:
 - Level 3.0 Fighting
 - Level 2.3 Dodging
 + Level 7.3 Unarmed Combat


You had 5 spell levels left.
You didn't know any spells.

Dungeon Overview and Level Annotations

Branches:
Dungeon (4/15)             Temple (0/1) D:4

Altars:
Gozag

Annotations:
D:4 Eustachio


Innate Abilities, Weirdness & Mutations

You cannot wear most types of armour.
You are very stealthy in the water. (Stealth+)
You are amphibious.
You can wear up to eight rings at the same time.
You can use your tentacles to constrict eight enemies at once.
Your skin changes colour to match your surroundings (Stealth+).
Your rubbery body absorbs attacks. (AC +1, EV +1)


Message History

You kill the quokka!
The quokka's corpse disappears in a puff of smoke!
The bat barely misses you.
You tentacle-slap the bat.
You kill the bat!
The bat's corpse disappears in a puff of smoke!
Eustachio mumbles some strange words.
The bat closely misses you.
You tentacle-slap the bat.
You kill the bat!
The bat's corpse disappears in a puff of smoke! "Have a taste of chaos, mortal."
Eustachio's falchion is briefly surrounded by a scintillating aura of random colours.
You bludgeon Eustachio! You grab Eustachio.
Eustachio is moderately wounded.
You constrict Eustachio. Eustachio hits you but does no damage.
Space warps horribly around you!
Ouch! That really hurt!
You die...
Xom is highly amused!

###
#.>##..############
#.........=r@@...#
#...........######
#############


You could see Eustachio and a quokka.

Vanquished Creatures
  A jelly (D:2)
  A bullfrog skeleton (D:4)
  An orc priest (D:3)
  2 orc wizards (D:3)
  A worker ant (D:4)
  3 gnolls
  6 adders
  9 oozes (D:2)
  2 dart slugs
  3 orcs (D:3)
  A giant cockroach (D:1)
  8 goblins
  6 hobgoblins
  4 jackals
  15 kobolds
  A quokka (D:2)
  A ball python (D:2)
  4 bats (D:1)
  A frilled lizard (D:3)
  A quokka skeleton (D:4)
  10 rats
81 creatures vanquished.

Vanquished Creatures (others)
  7 fungi (D:2)
  8 toadstools (D:2)
15 creatures vanquished.

Grand Total: 96 creatures vanquished

Notes
Turn   | Place    | Note
-------+----------+-------------------------------------------
     0 | D:1      | Irenicus the Octopode Chaos Knight began the quest for the Orb.
     0 | D:1      | Reached XP level 1. HP: 16/16 MP: 1/1
    77 | D:1      | XOM: silly message
   106 | D:1      | Reached XP level 2. HP: 13/21 MP: 2/2
   142 | D:1      | XOM: harmless Fire miscast
   555 | D:2      | Reached skill level 4 in Unarmed Combat
   590 | D:2      | Reached XP level 3. HP: 23/26 MP: 3/3
   661 | D:2      | XOM: smoke on damage
   919 | D:2      | XOM: smoke on damage
   943 | D:2      | Reached XP level 4. HP: 7/31 MP: 4/4
  1071 | D:2      | XOM: divination: detect creatures
  1076 | D:2      | XOM: medium Fire miscast
  1150 | D:2      | XOM: fog
  1152 | D:2      | XOM: smoke on damage
  1416 | D:2      | Reached skill level 5 in Unarmed Combat
  1602 | D:1      | XOM: mild Ice miscast
  1619 | D:2      | XOM: harmless Air miscast
  1644 | D:2      | XOM: god gift: scroll labeled IQIWNEHAXT {god gift}
  1749 | D:2      | XOM: summons 2 hostile shadow creatures
  1820 | D:2      | Reached XP level 5. HP: 31/36 MP: 5/5
  1822 | D:2      | XOM: blink monster(s)
  1900 | D:2      | Reached skill level 6 in Unarmed Combat
  2137 | D:3      | XOM: 1-stop teleportation journey
  2172 | D:3      | Found an opulent altar of Gozag.
  2217 | D:3      | XOM: silly message
  2412 | D:3      | XOM: 3-stop teleportation journey
  2495 | D:3      | Reached XP level 6. HP: 40/42 MP: 6/6
  2872 | D:3      | Reached skill level 7 in Unarmed Combat
  3068 | D:4      | Found a staircase to the Ecumenical Temple.
  3093 | D:4      | Noticed Eustachio
  3114 | D:4      | XOM: chaos upgrade
  3115 | D:4      | Slain by Eustachio

Skill      XL: |  1  2  3  4  5  6 |
---------------+-------------------+-----
Unarmed Combat | 4 5 6 7 |  7.3
Fighting       | |  3.0
Dodging        | |  2.3

Action                   |  1- 3 |  4- 6 || total
-------------------------+-------+-------++-------
Melee: Unarmed           |    78 |   128 ||   206
       Constrict         |    18 |    29 ||    47
       Tentacles         |    10 |    23 ||    33
       Punch             |     1 |     3 ||     4
  Use: Scroll            |       |     3 ||     3
       Potion            |       |     6 ||     6
 Stab: Sleeping          |     4 |     4 ||     8
       Distracted        |       |     1 ||     1
  Eat: Chunk             |       |     4 ||     4
       Fruit             |       |     2 ||     2
Armor: Skin              |     2 |    41 ||    43
Dodge: Dodged            |    41 |    58 ||    99
